 Dungeon Crawl Stone Soup version 0.26.1-2-gb8aa6d0cf2 (webtiles) character file.

Game seed: 1810936000561560164

7009 Xeewn the Basher (level 11, -3/69 HPs)
             Began as a Gargoyle Berserker on Mar 29, 2021.
             Was a Believer of Trog.
             Slain by a meliai
             ... wielding a +0 hand axe
              (5 damage)
             ... on level 9 of the Dungeon.
             The game lasted 00:29:46 (7959 turns).

Xeewn the Basher (Gargoyle Berserker)               Turns: 7959, Time: 00:29:47

Health: -3/69      AC: 33    Str: 29    XL:     11   Next: 8%
Magic:  11/11      EV: 10    Int:  9    God:    Trog [**....]
Gold:   399        SH:  0    Dex:  9    Spells: 10/10 levels left

rFire    . . .     SeeInvis .   s - +0 dire flail
rCold    . . .     Faith    +   (shield currently unavailable)
rNeg     + . .     Spirit   .   o - +0 plate armour
rPois    ∞         Reflect  .   v - +0 helmet
rElec    +         Harm     .   e - +2 cloak
rCorr    .         Rampage  .   i - +2 pair of gloves
Will     ++...                  (no boots)
Stlth    ..........             m - amulet of faith
HPRegen  1.21/turn              c - +4 ring of protection
MPRegen  0.12/turn              u - +6 ring of strength

@: berserk cooldown, very slightly contaminated, regenerating, slowed,
invisible, very slow
A: negative energy resistance 1, electricity resistance, unbreathing,
petrification resistance, miasma immunity, AC +8
a: Renounce Religion, Berserk, Trog's Hand


You were on level 9 of the Dungeon.
You worshipped Trog.
Trog was pleased with you.
You visited 1 branch of the dungeon, and saw 8 of its levels.

You collected 399 gold pieces.

Inventory:

Hand Weapons
 d - a +2 quarterstaff of chaos
 h - a +0 flail
 s - a +0 dire flail (weapon)
Armour
 e - a +2 cloak (worn)
 i - a +2 pair of gloves (worn)
 o - a +0 plate armour (worn)
 v - a +0 helmet (worn)
Jewellery
 c - a +4 ring of protection (left hand)
 f - a +6 ring of dexterity
 m - an amulet of faith (around neck)
 n - an uncursed amulet of regeneration
 q - an uncursed ring of fire
 u - a +6 ring of strength (right hand)
 w - a +6 ring of dexterity
 y - an uncursed ring of see invisible {unknown}
Wands
 b - a wand of random effects (11)
 l - a wand of acid (5) (quivered)
Scrolls
 a - 3 scrolls of teleportation
 j - 4 scrolls of remove curse
 t - a scroll of magic mapping
 x - a scroll of torment {unknown}
Potions
 g - a potion of berserk rage
 p - 2 potions of magic


   Skills:
 * Level 8.3 Fighting
 * Level 10.8 Maces & Flails
 * Level 8.0 Armour
 * Level 5.7 Dodging
 * Level 6.1 Stealth


You had 10 spell levels left.
You didn't know any spells.
Your spell library was empty.

Dungeon Overview and Level Annotations

Branches:
Dungeon (9/15)             Temple (0/1) D:7            Lair (0/6) D:9
    Orc: D:9-12

Altars:
Okawaru
Vehumet


Innate Abilities, Weirdness & Mutations

You are resistant to torment.
Your stone body is resilient. (AC +8)
You are immune to poison.
You resist negative energy. (rN+)
You are resistant to electric shocks. (rElec)
You can survive without breathing.
You are immune to petrification.
You are immune to miasma.


Message History

The meliai stings you but does no damage.
You hit the meliai.
The meliai is lightly wounded.
The meliai hits you with a +0 hand axe.
* * * LOW HITPOINT WARNING * * *
The meliai stings you.
* * * LOW HITPOINT WARNING * * *
The meliai hits you but does no damage.
The meliai stings you but does no damage.
Your skin crawls.
You feel strong-willed. The meliai barely misses you. The meliai stings you.
* * * LOW HITPOINT WARNING * * *
The meliai hits you but does no damage. The meliai barely misses you.
You puncture the meliai!
The meliai is almost dead.
The meliai closely misses you.
The meliai stings you but does no damage.
The meliai hits you with a +0 hand axe.
You die...

###.......#.....#
#.......#.###.#
#.......#.. ..#
#.......#######
####)###### #.).).....#
#()(#####.# # #...#
#.#########....
.+...#####...((y@.......
.#..........YBT####.####
.######'###.)Z.#
..........#..)(#
..........#....#
..........#......
.##.......#....#..
.##.......#....#...
..........#....# ..


You could see a troll, a soldier ant, an ice beast (wandering), a meliai and a
quokka skeleton (wandering).

Vanquished Creatures
  2 two-headed ogres (D:9)
  A death knight (D:9)
  The ghost of hallab the Chopper, a novice DrGl of Yredelemnul (D:7)
  A manticore (D:7)
  A troll (D:9)
  Sigmund (D:3)
  A spriggan (D:7)
  9 yaks
  Menkaure (D:4)
  3 necrophages
  An ice beast (D:8)
  An ogre (D:9)
  2 orc warriors
  A centaur (D:9)
  A big kobold (D:9)
  4 bullfrogs
  A wyvern zombie (D:8)
  A scorpion (D:6)
  2 howler monkeys (D:9)
  A centaur zombie (D:6)
  A bullfrog zombie (D:7)
  A quasit (D:8)
  3 hounds
  Crazy Yiuf (D:2)
  A bullfrog skeleton (D:4)
  3 orc priests
  A centaur skeleton (D:8)
  An iguana (D:6)
  3 jellies
  4 orc wizards
  3 worker ants
  A killer bee zombie (D:8)
  A hound skeleton (D:9)
  A worker ant zombie (D:8)
  A howler monkey zombie (D:8)
  6 adders
  A white imp (D:8)
  An ooze (D:2)
  2 adder skeletons
  A worm (D:2)
  A dart slug (D:1)
  5 leopard geckos
  17 orcs
  6 bats
  4 giant cockroaches
  7 goblins
  6 hobgoblins
  2 jackals (D:4)
  12 kobolds
  3 quokkas
  3 rats
139 creatures vanquished.

Vanquished Creatures (others)
  A yaktaur (shapeshifter) (D:9)
  A goblin (D:3)
2 creatures vanquished.

Grand Total: 141 creatures vanquished

Notes
Turn   | Place    | Note
-------+----------+-------------------------------------------
     0 | D:1      | Xeewn the Gargoyle Berserker began the quest for the Orb.
     0 | D:1      | Reached XP level 1. HP: 14/14 MP: 1/1
   183 | D:1      | Reached XP level 2. HP: 12/19 MP: 2/2
  2532 | D:2      | Found a runed translucent door.
  2533 | D:2      | Noticed Crazy Yiuf
  2541 | D:2      | Killed Crazy Yiuf
  2542 | D:2      | Reached XP level 3. HP: 19/24 MP: 3/3
  2975 | D:2      | Reached skill level 1 in Stealth
  2995 | D:2      | Reached XP level 4. HP: 29/29 MP: 4/4
  3484 | D:3      | Noticed Sigmund
  3492 | D:3      | Reached XP level 5. HP: 33/33 MP: 5/5
  3503 | D:3      | Killed Sigmund
  3504 | D:3      | Reached XP level 6. HP: 12/40 MP: 6/6
  3848 | D:3      | Found a radiant altar of Vehumet.
  3898 | D:3      | Reached ** piety under Trog
  4264 | D:4      | Noticed Menkaure
  4268 | D:4      | Found an iron altar of Okawaru.
  4278 | D:4      | Killed Menkaure
  4279 | D:4      | Reached skill level 5 in Fighting
  4279 | D:4      | Reached skill level 4 in Maces & Flails
  4279 | D:4      | Reached XP level 7. HP: 21/44 MP: 7/7
  4453 | D:4      | You fall into a shaft and drop 2 floors!
  5190 | D:7      | Reached skill level 5 in Maces & Flails
  5201 | D:7      | Reached XP level 8. HP: 22/50 MP: 8/8
  5366 | D:7      | Noticed a manticore
  5368 | D:7      | Noticed hallab's ghost (novice DrGl)
  5377 | D:7      | Found a transporter.
  5394 | D:7      | Found a transporter.
  5420 | D:7      | Killed a manticore
  5421 | D:7      | Reached skill level 6 in Maces & Flails
  5421 | D:7      | Reached skill level 5 in Armour
  5428 | D:7      | Killed hallab's ghost
  5429 | D:7      | Reached skill level 7 in Maces & Flails
  5429 | D:7      | Reached XP level 9. HP: 24/55 MP: 9/9
  5992 | D:7      | Found a staircase to the Ecumenical Temple.
  6287 | D:8      | Reached skill level 5 in Dodging
  6473 | D:8      | Reached skill level 8 in Maces & Flails
  6781 | D:9      | Noticed a two-headed ogre
  6798 | D:9      | Killed a two-headed ogre
  6799 | D:9      | Reached skill level 9 in Maces & Flails
  6799 | D:9      | Reached skill level 5 in Stealth
  6799 | D:9      | Reached XP level 10. HP: 49/63 MP: 10/10
  7169 | D:9      | Found a staircase to the Lair.
  7522 | D:9      | Reached skill level 10 in Maces & Flails
  7917 | D:9      | Noticed a death knight
  7923 | D:9      | Noticed a guardian serpent
  7923 | D:9      | a yak changed into a guardian serpent
  7925 | D:9      | Noticed a cyclops
  7927 | D:9      | Noticed a two-headed ogre
  7930 | D:9      | a guardian serpent changed into a yaktaur
  7935 | D:9      | Killed a death knight
  7943 | D:9      | Killed a two-headed ogre
  7944 | D:9      | Reached XP level 11. HP: 18/68 MP: 11/11
  7957 | D:9      | HP: 2/69 [meliai/+0 hand axe (4)]
  7959 | D:9      | Slain by a meliai

Illustrated notes

Levels and vault maps discovered:
D:1:      psy_arrival_spokes, layout_basic, dk_noncrumbling_4, minmay_cut_off
D:2:      layout_loops_corners, uniq_natasha, uniq_crazy_yiuf_cottage,
          uniq_robin
D:3:      layout_loops_ring, fiery_altar_vehumet, uniq_sigmund
D:4:      layout_cave_pools, kennysheep_okawaru_gauntlet, uniq_menkaure
D:6:      layout_loops_ring
D:7:      layout_rooms, minmay_temple_entry_drinking_statues,
          gammafunk_ghost_arena, serial_rivers, chequers_serial_rivers_micro_b,
          chequers_serial_rivers_micro_b, chequers_serial_rivers_micro_d,
          chequers_serial_rivers_small_3, the_bakery
D:8:      layout_basic, serial_park_tiny_2, minmay_bent
D:9:      layout_stronghold, lair_entry_dummy, minivault_28

Skill      XL: |  1  2  3  4  5  6  7  8  9 10 11 |
---------------+----------------------------------+-----
Dodging        | 2 3 4 5 |  5.7
Fighting       | 4 5 6 7 8 |  8.3
Stealth        | 1 2 3 4 5 6 |  6.1
Armour         | 3 4 6 7 8 |  8.0
Maces & Flails | 4 5 7 9 10 | 10.8

Action                   |  1- 3 |  4- 6 |  7- 9 | 10-12 || total
-------------------------+-------+-------+-------+-------++-------
Melee: Mace              |    70 |    80 |       |       ||   150
       Flail             |       |    57 |   349 |    19 ||   425
       Dire flail        |       |       |       |   120 ||   120
Invok: Berserk           |     1 |     2 |     3 |       ||     6
       Trog's Hand       |       |     1 |     3 |     4 ||     8
Evoke: Wand              |       |       |     3 |       ||     3
  Use: Potion            |     2 |     4 |     3 |     3 ||    12
       Scroll            |       |     2 |     2 |       ||     4
Armor: Animal skin       |    36 |    35 |       |       ||    71
       Ring mail         |       |    20 |       |       ||    20
       Scale mail        |       |    36 |    11 |       ||    47
       Plate armour      |       |       |   474 |   206 ||   680
Dodge: Dodged            |    56 |   118 |   256 |   147 ||   577
